 Dungeon Crawl Stone Soup version 0.30-a0-553-g7fabdf1491 (webtiles) character file.

Game seed: 11469682436796722643

5 HoaS the Conjurer (level 1, 0/12 HPs)
             Began as a Tengu Reaver on Dec 26, 2022.
             Slain by a ball python (3 damage)
             ... on level 1 of the Dungeon.
             The game lasted 00:02:23 (81 turns).

HoaS the Conjurer (Tengu Reaver)                      Turns: 81, Time: 00:02:24

Health: 0/12       AC:  3    Str: 12    XL:     1   Next: 80%
Magic:  4/4        EV:  9    Int: 13    God:
Gold:   0          SH:  0    Dex: 12    Spells: 3/4 levels left

rFire   . . .      SeeInvis .    a - +0 mace
rCold   . . .      Faith    .    (no shield)
rNeg    . . .      Spirit   .    b - +0 leather armour
rPois   .          Reflect  .    (helmet restricted)
rElec   .          Harm     .    (no cloak)
rCorr   .          Rampage  .    (no gloves)
Will    .....                    (boots unavailable)
Stlth   +                        (no amulet)
HPRegen 0.22/turn                (no ring)
MPRegen 0.09/turn                (no ring)

@: constricted
A: beak, talons 3
a: no special abilities


You were on level 1 of the Dungeon.
You visited 1 branch of the dungeon, and saw 1 of its levels.

Inventory:

Hand Weapons
 a - a +0 mace (weapon)
Armour
 b - a +0 leather armour (worn)
Scrolls
 c - a scroll of identify {unknown}


   Skills:
 + Level 2.1 Fighting
 + Level 3.3 Maces & Flails
 + Level 2.3 Dodging
 + Level 2.0 Spellcasting
 + Level 4.1 Conjurations


You had 3 spell levels left.
You knew the following spells:

 Your Spells              Type           Power      Damage    Failure   Level
a - Kiss of Death         Conj/Necr      24%        2d7       14%         1

Your spell library contained the following spells:

 Spells                   Type           Power      Damage    Failure   Level
 Momentum Strike          Conj/Tloc      12%        3d8       21%         2
 Hailstorm                Conj/Ice       6%         3d4       38%         3


Dungeon Overview and Level Annotations

Branches:
Dungeon (1/15)

Altars:


Innate Abilities, Weirdness & Mutations

You have a beak for a mouth.
You have claws for feet.


Message History

You hit the bat.
The bat is severely wounded.
The bat closely misses you. The bat hits you but does no damage.
The bat barely misses you.
No reachable target in view!
No reachable target in view!
The bat closely misses you.
You closely miss the bat. Your kick misses the bat.
The bat is severely wounded.
The bat hits you but does no damage. The bat misses you.
The bat hits you but does no damage.
You hit the bat.
You kill the bat!
You see here a bat corpse.
You open the door. The ball python closely misses you. x2
The ball python bites you but does no damage.
The ball python barely misses you. The ball python completely misses you.
The ball python misses you. The ball python closely misses you.
The ball python barely misses you.
The ball python bites you but does no damage.
The ball python barely misses you. The ball python barely misses you.
The ball python closely misses you.
The ball python bites you but does no damage.
The ball python closely misses you.
The ball python bites you but does no damage.
The ball python barely misses you.
The hobgoblin hits you but does no damage.
The ball python bites you. The ball python grabs you.
The ball python constricts you. The ball python barely misses you.
The ball python constricts you.
The hobgoblin hits you but does no damage.
The ball python bites you but does no damage.
The ball python constricts you. The hobgoblin hits you.
The ball python barely misses you. The ball python constricts you.
* * * LOW HITPOINT WARNING * * *
The hobgoblin barely misses you. The ball python bites you.
You die...

......:........#...##.##..
.......#....#....#...##.##
....8...#...##..#.....#.#.
#.......#.......##.##..##.
#.......†##..#......#..#.#
..####...#...##..#...#..#
##..##....#.)#...#..#.#.
#?##>'g....##......##.##
###S@.......##..#.##
##....##..#..#...#
........#...#...#.
........#...#......
..8...##....##....#.
.....# .#....#.... .....
.........# ##### #######


You could see a hobgoblin and a ball python.

Vanquished Creatures
  A dart slug (D:1)
  A bat (D:1)
  A goblin (D:1)
3 creatures vanquished.

Notes
Turn   | Place    | Note
-------+----------+-------------------------------------------
     0 | D:1      | HoaS the Tengu Reaver began the quest for the Orb.
     0 | D:1      | Reached XP level 1. HP: 12/12 MP: 4/4
    81 | D:1      | Slain by a ball python

Illustrated notes

Levels and vault maps discovered:
D:1:      erik_arrival_cave_to_civilisation [erik_arrival_cave_to_hall],
          layout_basic

Action                   || total
-------------------------++-------
Melee: Mace              ||    10
       Kick              ||     1
       Peck              ||     1
Armor: Leather armour    ||    14
Dodge: Dodged            ||    26

Table legend: (Time is in decaauts)
 A = Elapsed time spent in this place.
 B = Non-inter-level travel time spent in this place.
 C = Inter-level travel time spent in this place.
 D = Time resting spent in this place.
 E = Time spent auto-exploring this place.
 F = Levels seen in this place.
 G = Mean time per level.
                   A        B        C        D        E       F      G
               +--------+--------+--------+--------+--------+-----+--------+
         Total |     83 |     83 |      0 |      0 |     43 |   1 |   83.0 |
       Dungeon |     83 |     83 |      0 |      0 |     43 |   1 |   83.0 |
               +--------+--------+--------+--------+--------+-----+--------+

Top non-repeatable levels by time:
     D:1: 83 daAuts
